 Dungeon Crawl Stone Soup version 0.28.0-53-g5a82cb258f (webtiles) character file.

Game seed: 17516892734261543626

5052 SNESdreamland the Grappler (level 10, -2/144 HPs)
             Began as a Troll Berserker on Aug 15, 2022.
             Was an Elder of Trog.
             Killed from afar by an acid dragon (24 damage)
             ... with a splash of acid
             ... on level 9 of the Dungeon on Aug 16, 2022.
             The game lasted 01:02:16 (6929 turns).

SNESdreamland the Grappler (Troll Berserker)        Turns: 6929, Time: 01:02:16

Health: -2/144     AC: -1    Str: 31    XL:     10   Next: 31%
Magic:  9/9        EV: 11    Int:  3    God:    Trog [****..]
Gold:   431        SH:  0    Dex:  9    Spells: 9/9 levels left

rFire   . . .      SeeInvis .     - Unarmed
rCold   . . .      Faith    .   (no shield)
rNeg    + + .      Spirit   .   t - +2 robe
rPois   .          Reflect  .   (helmet restricted)
rElec   .          Harm     .   g - +0 cloak
rCorr   .          Rampage  .   (gloves unavailable)
Will    ++...                   (boots unavailable)
Stlth   ..........              (no amulet)
HPRegen 2.14/turn               f - ring of positive energy
MPRegen 0.11/turn               k - ring of positive energy

@: berserking, strong-willed, corroded, regenerating, very quick
A: large, unfitting armour, claws 3, regeneration 1, shaggy fur 1, tough skin 1
a: Renounce Religion, Berserk, Trog's Hand, Brothers in Arms


You were on level 9 of the Dungeon.
You worshipped Trog.
Trog was greatly pleased with you.
You visited 1 branch of the dungeon, and saw 10 of its levels.

You collected 431 gold pieces.

Inventory:

Missiles
 s - a boomerang of dispersal (quivered)
Armour
 g - a +0 cloak (worn)
 t - a +2 robe (worn)
Jewellery
 f - a ring of positive energy (left claw)
 k - a ring of positive energy (right claw)
Wands
 m - a wand of iceblast (11)
Scrolls
 a - a scroll of enchant weapon
 b - 2 scrolls of vulnerability
 d - 3 scrolls of teleportation
 i - a scroll of fog
 n - 2 scrolls of fear
 o - 2 scrolls of magic mapping
 p - 2 scrolls of enchant armour
 r - 5 scrolls of identify
Potions
 c - a potion of flight
 e - 2 potions of berserk rage
 h - 5 potions of haste
 j - 2 potions of resistance
 l - 2 potions of degeneration
 q - a potion of curing {unknown}


   Skills:
 + Level 5.0 Fighting
 + Level 7.1 Dodging
 + Level 12.3 Unarmed Combat


You had 9 spell levels left.
You didn't know any spells.
Your spell library contained the following spells:

 Spells                   Type           Power      Damage    Failure   Level
 Magic Dart               Conj           0%         1d3       52%         1
 Shock                    Conj/Air       0%         1d3       52%         1
 Call Imp                 Summ           0%         N/A       67%         2
 Mephitic Cloud           Conj/Pois/Air  0%         N/A       88%         3
 Swiftness                Air            0%         N/A       88%         3
 Airstrike                Air            0%         N/A       99%         4
 Dispersal                Tloc           0%         N/A       100%        6
 Disjunction              Tloc           0%         N/A       100%        8


Dungeon Overview and Level Annotations

Branches:
Dungeon (10/15)            Temple (0/1) D:6
   Lair: D:8-11         Orc: D:9-12

Altars:
Ashenzari
Wu Jian

Shops:
D:2 [

Annotations:
D:10 2 transporters, FrogKing's ghost, journeyman DjFE


Innate Abilities, Weirdness & Mutations

You are too large for most types of armour.
You have claws for hands.
Your natural rate of healing is unusually fast.
You are covered in fur. (AC +1)
You have tough skin. (AC +1)


Message History

There is a stone staircase leading up here.
The acid dragon spits acid at you. The splash of acid hits you!
The acid corrodes you! The acid dragon bites you. The acid dragon claws you.
You scratch the acid dragon but do no damage.
Your claw misses the acid dragon. The acid dragon spits acid at you.
The splash of acid hits you!! The acid corrodes you!
You closely miss the acid dragon. You claw the acid dragon.
The acid dragon is lightly wounded.
The acid dragon bites you!
* * * LOW HITPOINT WARNING * * *
The acid dragon closely misses you.
Okay, then.
Your skin crawls.
You feel strong-willed. The acid dragon bites you.
* * * LOW HITPOINT WARNING * * *
The acid dragon misses you.
You fail to use your ability.
The acid dragon bites you.
* * * LOW HITPOINT WARNING * * *
The acid dragon claws you.
* * * LOW HITPOINT WARNING * * *
You scratch the acid dragon but do no damage.
The acid dragon is lightly wounded.
The acid dragon misses you. The acid dragon claws you.
* * * LOW HITPOINT WARNING * * *
A red film seems to cover your vision as you go berserk!
You feel yourself moving faster!
You feel mighty! The acid dragon bites you.
* * * LOW HITPOINT WARNING * * *
The acid dragon closely misses you.
You mangle the acid dragon!!
The acid dragon is severely wounded.
You barely miss the acid dragon.
The acid dragon is severely wounded.
You barely miss the acid dragon.
The acid dragon is severely wounded.
The acid dragon spits acid at you. The splash of acid hits you!!
You die...

## # #.## #.####..###
##.#.......########
###.....#.....#..#..###
#.......##..........#.#
.................<....## ..
..####.>#รท##........#..# ......
..#######.......@..##.## ##......
#.... ##........D.[.#.####.#.....
.....##...##....##[....##........
................##...............
.##.#............##..............
......#.......#..................
.....>.......##..................
.......##....##...........D.....#
.............##....#.............


You could see an acid dragon (catching breath).

Vanquished Creatures
  A two-headed ogre (D:5)
  A hornet (D:9)
  3 yaks (D:9)
  A steam dragon (D:6)
  3 water moccasins
  A sky beast (D:7)
  2 black bears
  3 orc warriors
  4 ice beasts
  A necrophage (D:7)
  3 ogres
  A centaur (D:8)
  2 phantoms (D:6)
  2 bullfrogs
  A scorpion (D:6)
  A water moccasin skeleton (D:6)
  5 killer bees (D:7)
  4 wights (D:7)
  4 howler monkeys
  3 centaur zombies
  4 orc priests
  3 hounds
  4 bullfrog skeletons
  Ijyb (D:5)
  5 iguanas
  7 orc wizards
  A hound skeleton (D:5)
  2 howler monkey zombies
  9 adders
  8 gnolls
  2 shadow imps (D:6)
  A white imp (D:7)
  2 ufetubi
  An adder zombie (D:5)
  A worm (D:3)
  2 dart slugs
  35 orcs
  4 ball pythons
  6 bats
  8 endoplasms
  4 giant cockroaches
  4 goblins
  9 hobgoblins
  7 jackals
  3 kobolds
  8 quokkas
  10 frilled lizards
  2 rats (D:3)
199 creatures vanquished.

Vanquished Creatures (others)
  8 plants (D:6)
8 creatures vanquished.

Grand Total: 207 creatures vanquished

Notes
Turn   | Place    | Note
-------+----------+-------------------------------------------
     0 | D:1      | SNESdreamland the Troll Berserker began the quest for the
                  | Orb.
     0 | D:1      | Reached XP level 1. HP: 22/22 MP: 0/0
    55 | D:1      | Found a faded altar of an unknown god.
   279 | D:1      | Reached XP level 2. HP: 29/29 MP: 1/1
   620 | D:2      | Reached XP level 3. HP: 36/36 MP: 2/2
   823 | D:2      | Found Plog's Armour Emporium.
   883 | D:2      | Reached ** piety under Trog
  1243 | D:3      | Reached XP level 4. HP: 44/44 MP: 3/3
  1296 | D:3      | Reached skill level 4 in Unarmed Combat
  1757 | D:3      | Reached XP level 5. HP: 53/53 MP: 4/4
  2175 | D:3      | Found a broken altar of Ashenzari.
  2183 | D:3      | Found an ornate altar of the Wu Jian Council.
  2405 | D:4      | Reached skill level 5 in Unarmed Combat
  2619 | D:4      | Reached XP level 6. HP: 59/61 MP: 5/5
  2733 | D:4      | Reached *** piety under Trog
  2734 | D:4      | Reached skill level 6 in Unarmed Combat
  2932 | D:4      | Reached XP level 7. HP: 35/67 MP: 6/6
  3318 | D:5      | Entered Level 5 of the Dungeon
  3350 | D:5      | Reached skill level 7 in Unarmed Combat
  3447 | D:5      | Noticed Ijyb
  3456 | D:5      | Killed Ijyb
  3688 | D:5      | Noticed a two-headed ogre
  3836 | D:5      | Killed a two-headed ogre
  3837 | D:5      | Reached skill level 5 in Dodging
  3837 | D:5      | Reached skill level 9 in Unarmed Combat
  3837 | D:5      | Reached XP level 8. HP: 78/78 MP: 7/7
  4219 | D:6      | Found a staircase to the Ecumenical Temple.
  4300 | D:6      | Reached XP level 9. HP: 81/84 MP: 8/8
  4462 | D:6      | Reached **** piety under Trog
  4463 | D:6      | Reached skill level 10 in Unarmed Combat
  5169 | D:7      | Reached skill level 11 in Unarmed Combat
  6127 | D:8      | Reached XP level 10. HP: 94/94 MP: 9/9
  6472 | D:9      | You fall into a shaft and drop 1 floor!
  6472 | D:10     | Entered Level 10 of the Dungeon
  6486 | D:10     | Found a transporter.
  6489 | D:10     | Found a transporter.
  6489 | D:10     | Noticed FrogKing's ghost (journeyman DjFE)
  6513 | D:9      | Reached skill level 12 in Unarmed Combat
  6611 | D:9      | Paralysed by a hornet for 1 turns
  6618 | D:9      | Reached skill level 5 in Fighting
  6929 | D:9      | Killed from afar by an acid dragon

Illustrated notes

Levels and vault maps discovered:
D:1:      lightli_arrival_flooded_house, layout_rooms,
          ebering_ecumenical_altar_webs, minmay_misc_feat_diagonals
D:2:      layout_basic, serial_shops, shop
D:3:      layout_loops_corners, amethyst_overflow_temple_binary, minmay_circle_x
D:4:      layout_basic
D:5:      layout_rooms, kennysheep_generic_room_3, uniq_ijyb
D:6:      layout_cave_pools, minmay_temple_entry_tees, grunt_ministairs_1,
          minmay_lizard_king
D:7:      layout_loops_cross
D:8:      layout_basic, kennysheep_another_room
D:9:      layout_cave_pools, serial_shops, shop
D:10:     minmay_tri_box, layout_grid_maze, minitemple, gammafunk_ghost_arena

Skill      XL: |  1  2  3  4  5  6  7  8  9 10 |
---------------+-------------------------------+-----
Dodging        | 3 5 6 7 |  7.1
Fighting       | 3 4 5 |  5.0
Unarmed Combat | 4 5 6 9 11 12 | 12.3

Action                   |  1- 3 |  4- 6 |  7- 9 | 10-12 || total
-------------------------+-------+-------+-------+-------++-------
Melee: Unarmed           |    82 |   138 |   305 |    49 ||   574
       Punch             |     3 |     6 |    11 |     6 ||    26
Invok: Berserk           |       |     1 |     2 |     2 ||     5
       Trog's Hand       |       |       |     1 |     1 ||     2
  Use: Scroll            |     2 |     6 |    10 |     1 ||    19
 Stab: Sleeping          |     1 |       |       |       ||     1
Armor: Animal skin       |    32 |    29 |     9 |       ||    70
       Robe              |       |       |    97 |    15 ||   112
Dodge: Dodged            |    35 |    53 |   141 |    33 ||   262
